 Dungeon Crawl Stone Soup version 0.31.0-1-g2c135a008e (webtiles) character file.

Game seed: 620522099765543732

28459 qw the Skirmisher (level 13, -2/96 HPs)
             Began as a Djinni Hunter on Jan 23, 2024.
             Was a High Priest of Okawaru.
             Slain by a yak (9 damage)
             ... on level 4 of the Lair of Beasts.
             The game lasted 00:01:57 (15038 turns).

qw the Skirmisher (Djinni Hunter)                  Turns: 15038, Time: 00:01:58

Health: -2/96      AC: 18    Str:  5 (10) XL:     13   Next: 73%
Gold:   768        EV: 19    Int:  7 (12) God:    Okawaru [*****.] SH:  0 Dex: 23 (27)

rFire   + + .        m - +0 orcbow
rCold   x . .        (shield currently unavailable)
rNeg    . . .        d - +3 ring mail {Will+}
rPois   inf          a - +0 helmet
rElec   .            r - +2 cloak
rCorr   .            q - +2 pair of gloves
SInv    .            (boots unavailable)
Will    ++...        (no amulet)
Stlth   +            p - +6 ring of dexterity
HPRegen 0.36/turn    c - +5 ring of evasion
MPRegen 0.00/turn

%: infuse magic (-3 HP)
@: finesse-ful, flying
A: sickness immunity, fire resistance 2, cold vulnerability 1, float, innate
caster, HP casting, extra vitality 1, iridescent scales 1, deterioration 1,
MP-powered wands
a: Renounce Religion, Heroism, Finesse, Duel


You were on level 4 of the Lair of Beasts.
You worshipped Okawaru.
Okawaru was extremely pleased with you.
You visited 3 branches of the dungeon, and saw 15 of its levels.
You also visited: Ossuary.

You collected 978 gold pieces.
You spent 210 gold pieces at shops.


Innate Abilities, Weirdness & Mutations

You are immune to sickness and miasma.
You are immune to poison.
Your flesh is very heat resistant. (rF++)
You are vulnerable to cold. (rC-)
You float through the air rather than walking.
You learn spells naturally, not from books.
Your magical power is your life essence.
You have superior vitality. (+4 MHP)
You are partially covered in iridescent scales. (AC +2)
Your body sometimes deteriorates upon taking damage.
You expend health (3 HP) to strengthen your wands.


   Skills:
 - Level 10.0 Fighting
 + Level 12.7 Ranged Weapons
 - Level 5.0 Armour
 - Level 10.1 Dodging
 - Level 0.7 Stealth
 - Level 10.0 Invocations


You knew the following spells:

 Your Spells              Type           Power      Damage    Failure   Level
a - Necrotise             Necr           0%         1d4       88%         1
b - Lesser Beckoning      Tloc           0%         N/A       96%         2
c - Confusing Touch       Hex            0%         N/A       99%         3
d - Olgreb's Toxic Radia  Alch           0%         N/A       100%        4
e - Vhi's Electric Charg  Tloc/Air       0%         N/A       100%        4
f - Fireball              Conj/Fire      0%         3d3       100%        5
Your spell library was empty.

Inventory:

Hand Weapons
 m - a +0 orcbow (weapon)
Armour
 a - a +0 helmet (worn)
 d - a +3 ring mail of willpower (worn)
 n - a +0 troll leather armour
 q - a +2 pair of gloves (worn)
 r - a +2 cloak (worn)
Jewellery
 c - a +5 ring of evasion (right hand)
 e - a ring of fire
 p - a +6 ring of dexterity (left hand)
Wands
 j - a wand of charming (10)
 k - a wand of polymorph (5)
Potions
 b - 2 potions of might
 f - a potion of enlightenment
 h - a potion of cancellation
 i - a potion of haste
 l - 4 potions of curing

Dungeon Overview and Level Annotations

Branches:
Dungeon (10/15)            Temple (1/1) D:4            Lair (4/5) D:10
 Shoals (0/4) Lair:3        Snake (0/4) Lair:3      Ossuary (visited)
  Slime: Lair:4-5       Orc: D:9-12

Altars:
Ashenzari
Cheibriados
Dithmenos
Elyvilon
Fedhas
Gozag
Hepliaklqana
Makhleb
Nemelex Xobeh
Okawaru
Qazlal
Ru
Trog
Uskayaw
Wu Jian
Xom
Yredelemnul
Zin
The Shining One

Shops:
D:4 *

Portals:
Abyss: D:3

Annotations:
D:3 2 transporters, qw's ghost, weakling GrHu
Lair:3 1 runed translucent door, qw's ghost, journeyman GrHu


Message History

The catoblepas is severely wounded.
The catoblepas gores you!
15027 ||| READING scroll of teleportation.
As you read the scroll of teleportation, it crumbles to dust.
You feel strangely unstable.
The catoblepas gores you but does no damage.
You shoot an arrow.
The arrow hits the catoblepas but does no damage.
The catoblepas is severely wounded.
You shoot an arrow. The arrow hits the catoblepas!
The catoblepas is almost dead.
The catoblepas gores you!
Your body deteriorates!
You feel dopey.
You shoot an arrow.
The arrow hits the catoblepas but does no damage.
The catoblepas is almost dead.
You shoot an arrow. The arrow hits the catoblepas.
The catoblepas is almost dead.
The catoblepas barely misses you.
You shoot an arrow. The arrow hits the catoblepas!
You kill the catoblepas!
Okawaru is honoured by your kill. Okawaru grants you throwing weapons!
Something appears before you!
You start resting.
A water moccasin comes into view.
You shoot an arrow. The arrow hits the water moccasin.
The water moccasin is moderately wounded.
Your surroundings suddenly seem different. 5 yaks come into view.
The yak bellows! x4; The death yak bellows!
You hear a bellow!
The yak gores you but does no damage.
A yak comes into view.
The yak bellows!
The death yak bellows!
15035 ||| RETREEEEATING.
15036 ||| RETREEEEATING.
15037 ||| RETREEEEATING.
The yak attacks as it pursues you! The yak gores you but does no damage.
15038 ||| RETREEEEATING.
The yak gores you!
You die...

..Y....... #.
#......... #..
###YY..#...#
#..##.....Y.....
....#
.......YYY.Y....
....
.PP.............
.... #..PY........
#.. #..P..#.....
#.. ##.Y@#......# .
#.#.# ##
#....###.#.. .
#.#.# ..#
#........#
..#.#.##..#
#.....##..#
..#Y#Y.......#.P.##
.# ...F...#
......## #
###Y...##..#.....
##...........##.
#P<...##..... .


You could see 3 death yaks and 6 yaks.

Vanquished Creatures
  2 hydras
  A catoblepas (Lair:4)
  2 two-headed ogres (D:10)
  A boulder beetle (Lair:2)
  A death yak (Lair:4)
  An oklob plant (Lair:3)
  A salamander (Lair:3)
  2 black mambas (Lair:3)
  7 cane toads
  A torpor snail (Lair:3)
  A rime drake (D:10)
  10 komodo dragons
  A polar bear (D:10)
  2 trolls
  A hornet (D:10)
  13 blink frogs
  A shadow (D:10)
  47 yaks
  2 wyverns
  2 basilisks (Lair:2)
  2 steam dragons
  2 acid dragons (D:9)
  10 water moccasins
  Duvessa (D:4)
  6 ice beasts
  A sky beast (D:7)
  5 orc warriors
  An ogre (D:6)
  16 wolves
  A centaur (D:6)
  2 phantoms
  2 kobold brigands
  3 scorpions
  9 bullfrogs
  6 wights
  Dowan (D:4)
  9 killer bees
  3 howler monkeys (D:9)
  An electric eel (Lair:2)
  4 lava snakes (Lair:3)
  2 bombardier beetles
  2 orc priests
  3 hounds
  3 iguanas
  Ijyb (D:3)
  2 sleepcaps
  6 hell rats (Lair:3)
  An orc wizard (D:6)
  8 mummies (Ossuary)
  4 gnolls (D:6)
  6 adders
  6 white imps
  2 ribbon worms (D:2)
  2 dart slugs
  26 orcs
  8 endoplasms
  5 giant cockroaches
  A gnoll zombie (Ossuary)
  8 goblins
  5 hobgoblins
  6 jackals (D:1)
  12 kobolds
  2 quokkas
  10 ball pythons
  6 bats
  19 frilled lizards
  2 hobgoblin zombies (Ossuary)
  A kobold zombie (Ossuary)
  4 orc zombies (Ossuary)
  3 rats
350 creatures vanquished.

Notes
Turn   | Place    | Note
-------+----------+-------------------------------------------
     0 | D:1      | qw the Djinni Hunter began the quest for the Orb.
     0 | D:1      | Reached XP level 1. HP: 18/18 MP: 0/0
     0 | D:1      | 0 ||| qw: Version: 0.3-a-136-gdd3b4e8
     0 | D:1      | 0 ||| qw: Game counter: 1169
     0 | D:1      | 0 ||| qw: Melee chars always use a shield: true
     0 | D:1      | 0 ||| qw: God list: Okawaru
     0 | D:1      | 0 ||| qw: Allow faded altars: false
     0 | D:1      | 0 ||| qw: Do Orc after clearing Dungeon:15 true
     0 | D:1      | 0 ||| qw: Do second Lair branch before Depths: true
     0 | D:1      | 0 ||| qw: Lair rune preference: random
     0 | D:1      | 0 ||| qw: Goals: Normal
     0 | D:1      | 0 ||| PLANNING D:1-11
   111 | D:1      | 111 ||| RETREEEEATING.
   113 | D:1      | Reached XP level 2. HP: 19/23 MP: 0/0
   172 | D:1      | Reached skill level 4 in Ranged Weapons
   172 | D:1      | Reached XP level 3. HP: 28/28 MP: 0/0
   172 | D:1      | Learned a level 1 spell: Necrotise
   641 | D:1      | 641 ||| READING scroll labelled SYEMAI JUIXA.
   641 | D:1      | 641 ||| ENCHANTING +0 shortbow.
   642 | D:1      | 642 ||| READING scroll labelled RESAEXTY KASHRE.
   642 | D:1      | 642 ||| IDENTIFYING scroll labelled COSAUX OJUIRPH
   643 | D:1      | 643 ||| READING scroll labelled IDUISUZXAHA.
   644 | D:1      | 644 ||| DROPPING scroll of butterflies.
   645 | D:1      | 645 ||| DROPPING scroll of revelation.
   690 | D:2      | Found a sacrificial altar of Ru.
   735 | D:2      | Reached XP level 4. HP: 34/34 MP: 0/0
   744 | D:2      | Reached skill level 3 in Fighting
   812 | D:2      | Reached skill level 3 in Dodging
  1172 | D:2      | 1172 ||| UPGRADING to +0 ring mail.
  1182 | D:2      | 1182 ||| DROPPING +0 leather armour.
  1183 | D:2      | 1183 ||| UPGRADING to +5 ring of evasion.
  1184 | D:2      | 1184 ||| READING 2 scrolls labelled YTSALU UXUUKK.
  1192 | D:2      | Reached XP level 5. HP: 40/40 MP: 0/0
  1192 | D:2      | Learned a level 2 spell: Lesser Beckoning
  1211 | D:3      | Reached skill level 1 in Armour
  1465 | D:3      | Found an ornate altar of the Wu Jian Council.
  1685 | D:3      | Found a transporter.
  1698 | D:3      | Noticed a small abomination
  1742 | D:3      | Noticed Ijyb
  1749 | D:3      | 1749 ||| DRINKING 2 orange potions.
  1749 | D:3      | Gained mutation: You have a pair of small horns on your
                  | head. [potion of mutation]
  1749 | D:3      | Gained mutation: You have hidden genetic defects. [potion
                  | of mutation]
  1749 | D:3      | Lost mutation: You have hidden genetic defects. [potion of
                  | mutation]
  1750 | D:3      | 1750 ||| DRINKING inky potion.
  1755 | D:3      | 1755 ||| DRINKING yellow potion.
  1839 | D:3      | Killed Ijyb
  1889 | D:3      | 1889 ||| DRINKING potion of mutation.
  1889 | D:3      | Lost mutation: You have a pair of small horns on your head.
                  | [potion of mutation]
  1889 | D:3      | Gained mutation: Your health recovers twice as slowly from
                  | being drained. [potion of mutation]
  1889 | D:3      | Gained mutation: You sometimes lose your temper in combat.
                  | [potion of mutation]
  1889 | D:3      | Lost mutation: You sometimes lose your temper in combat.
                  | [potion of mutation]
  1933 | D:3      | Found a one-way gate to the infinite horrors of the Abyss.
  1933 | D:3      | Noticed qw's ghost (weakling GrHu)
  1937 | D:3      | Noticed a kobold brigand
  2055 | D:3      | Found a transporter.
  2198 | D:4      | Noticed Duvessa
  2198 | D:4      | Noticed Dowan
  2199 | D:4      | 2199 ||| STAIRDANCE
  2210 | D:4      | 2210 ||| STAIRDANCE
  2213 | D:3      | HP: 9/40 [frozen (4)]
  2214 | D:3      | 2214 ||| READING scroll of teleportation.
  2369 | D:4      | Found a staircase to the Ecumenical Temple.
  2370 | D:4      | 2370 ||| PLANNING TEMPLE
  2376 | Temple   | Entered the Ecumenical Temple
  2377 | Temple   | 2377 ||| PLANNING D:1-11
  2382 | D:4      | 2382 ||| FLEEEEING.
  2383 | D:4      | 2383 ||| FLEEEEING.
  2384 | D:4      | 2384 ||| FLEEEEING.
  2385 | D:4      | 2385 ||| ZAPPING wand of iceblast (4) at -5,-2 (Duvessa;
                  | floor).
  2386 | D:4      | 2386 ||| ZAPPING wand of iceblast (3) at -4,-2 (Duvessa;
                  | floor).
  2387 | D:4      | 2387 ||| ZAPPING wand of iceblast (2) at -3,-2 (Duvessa;
                  | floor).
  2388 | D:4      | 2388 ||| ZAPPING wand of iceblast (1) at -2,-1 (Duvessa;
                  | floor).
  2393 | D:4      | HP: 7/40 [Duvessa/+2 short sword of protection (5)]
  2394 | D:4      | Killed Duvessa
  2395 | D:4      | Reached skill level 5 in Ranged Weapons
  2395 | D:4      | Reached XP level 6. HP: 9/46 MP: 0/0
  2423 | D:4      | HP: 2/46 [Dowan/shard of ice (15)]
  2424 | D:4      | Killed Dowan
  2593 | D:4      | 2593 ||| DRINKING potion of mutation.
  2593 | D:4      | Lost mutation: Your health recovers twice as slowly from
                  | being drained. [potion of mutation]
  2593 | D:4      | Gained mutation: You are partially covered in iridescent
                  | scales. (AC +2) [potion of mutation]
  2593 | D:4      | Gained mutation: Your body sometimes deteriorates upon
                  | taking damage. [potion of mutation]
  2593 | D:4      | Gained mutation: You expend health (3 HP) to strengthen
                  | your wands. [potion of mutation]
  2721 | D:4      | Reached XP level 7. HP: 52/52 MP: 0/0
  2721 | D:4      | Learned a level 3 spell: Confusing Touch
  2797 | D:4      | Found a glowing silver altar of Zin.
  2797 | D:4      | Noticed an angel
  3035 | D:4      | HP: 7/52 [iguana (11)]
  3197 | D:4      | Found Pianowij's Assorted Antiques.
  3201 | D:4      | 3201 ||| BUYING glowing ring mail (147 gold).
  3201 | D:4      | Bought a glowing ring mail for 147 gold pieces
  3201 | D:4      | 3201 ||| SHOPLISTING ruby ring (105 gold, have 91).
  3201 | D:4      | 3201 ||| BUYING scroll of teleportation (63 gold).
  3201 | D:4      | Bought a scroll of teleportation for 63 gold pieces
  3270 | D:4      | Reached skill level 6 in Ranged Weapons
  3371 | D:4      | 3371 ||| UPGRADING to +3 ring mail of willpower.
  3381 | D:4      | 3381 ||| DROPPING +0 ring mail.
  3382 | D:4      | 3382 ||| UPGRADING to ring of willpower.
  3383 | D:4      | 3383 ||| READING scroll of identify.
  3383 | D:4      | 3383 ||| IDENTIFYING murky blue potion
  3384 | D:4      | 3384 ||| DROPPING potion of invisibility.
  3407 | D:5      | Entered Level 5 of the Dungeon
  3408 | D:5      | 3408 ||| PLANNING OSSUARY
  3409 | D:5      | Found an opulent altar of Gozag.
  3591 | D:5      | Found a sand-covered staircase.
  3592 | D:5      | 3592 ||| READING scroll labelled TUYPPI IQOESAU.
  3601 | Ossuary  | Entered an ossuary
  3717 | Ossuary  | Reached XP level 8. HP: 43/58 MP: 0/0
  3877 | Ossuary  | 3877 ||| READING 3 scrolls of identify.
  3877 | Ossuary  | 3877 ||| IDENTIFYING black potion
  3878 | Ossuary  | 3878 ||| READING 2 scrolls of identify.
  3878 | Ossuary  | 3878 ||| IDENTIFYING fizzy black potion
  3879 | Ossuary  | 3879 ||| READING scroll of identify.
  3879 | Ossuary  | 3879 ||| IDENTIFYING ruby potion
  3880 | Ossuary  | 3880 ||| DROPPING potion of brilliance.
  3904 | D:5      | 3904 ||| PLANNING D:1-11
  4055 | D:5      | Reached skill level 7 in Ranged Weapons
  4392 | D:5      | Noticed a hornet
  4393 | D:5      | 4393 ||| RETREEEEATING.
  4395 | D:5      | 4395 ||| RETREEEEATING.
  4396 | D:5      | 4396 ||| RETREEEEATING.
  4414 | D:5      | HP: 6/58 [hornet (11)]
  4415 | D:5      | 4415 ||| READING 3 scrolls of teleportation.
  4631 | D:5      | HP: 8/58 [hornet (9)]
  4632 | D:5      | 4632 ||| READING 2 scrolls of teleportation.
  5587 | D:6      | Found an iron altar of Okawaru.
  5588 | D:6      | 5588 ||| PLANNING OKAWARU WORSHIP
  5588 | D:6      | 5588 ||| READING scroll labelled SUWUEX WICKE.
  5607 | D:6      | Became a worshipper of Warmaster Okawaru
  5608 | D:6      | 5608 ||| PLANNING D:1-11
  5609 | D:6      | Reached XP level 9. HP: 65/65 MP: 0/0
  5609 | D:6      | Learned a level 4 spell: Olgreb's Toxic Radiance
  5759 | D:6      | Found a bloodstained altar of Trog.
  5774 | D:6      | Found a snail-covered altar of Cheibriados.
  5776 | D:6      | Reached skill level 8 in Ranged Weapons
  6230 | D:7      | 6230 ||| READING scroll of enchant weapon.
  6230 | D:7      | 6230 ||| ENCHANTING +1 shortbow.
  6504 | D:7      | Reached * piety under Okawaru
  6505 | D:7      | Reached skill level 6 in Fighting
  6512 | D:7      | Reached skill level 1 in Invocations
  6564 | D:7      | Found a basalt altar of Yredelemnul.
  6766 | D:7      | 6766 ||| UPGRADING to +2 cloak.
  6771 | D:7      | 6771 ||| UPGRADING to +6 ring of dexterity.
  6773 | D:7      | 6773 ||| UPGRADING to +5 ring of evasion.
  6775 | D:7      | 6775 ||| DROPPING ring of willpower.
  6776 | D:7      | 6776 ||| READING scroll of identify.
  6776 | D:7      | 6776 ||| IDENTIFYING murky sapphire potion
  6777 | D:7      | 6777 ||| READING scroll labelled XAHOXZ JYSEUMUSAGI.
  6777 | D:7      | 6777 ||| ENCHANTING +2 shortbow.
  6778 | D:7      | 6778 ||| READING 2 scrolls labelled UGIN TUMICOIJA.
  6779 | D:7      | 6779 ||| DRINKING 2 smoky silvery potions.
  6780 | D:7      | 6780 ||| DROPPING potion of magic.
  6781 | D:7      | 6781 ||| DROPPING scroll of amnesia.
  7000 | D:8      | Reached skill level 6 in Dodging
  7096 | D:8      | Reached skill level 3 in Invocations
  7252 | D:8      | Found a stormy altar of Qazlal.
  7291 | D:8      | Found a sparkling altar of Nemelex Xobeh.
  7333 | D:8      | Found a flagged portal.
  7338 | D:8      | 7338 ||| FLEEEEING.
  7339 | D:8      | 7339 ||| FLEEEEING.
  7340 | D:8      | 7340 ||| FLEEEEING.
  7341 | D:8      | 7341 ||| FLEEEEING.
  7342 | D:8      | 7342 ||| FLEEEEING.
  7343 | D:8      | 7343 ||| FLEEEEING.
  7344 | D:8      | 7344 ||| FLEEEEING.
  7345 | D:8      | 7345 ||| FLEEEEING.
  7346 | D:8      | 7346 ||| FLEEEEING.
  7347 | D:8      | 7347 ||| FLEEEEING.
  7348 | D:8      | 7348 ||| FLEEEEING.
  7349 | D:8      | 7349 ||| FLEEEEING.
  7351 | D:8      | 7351 ||| FLEEEEING.
  7355 | D:8      | 7355 ||| FLEEEEING.
  7356 | D:8      | 7356 ||| FLEEEEING.
  7357 | D:8      | 7357 ||| FLEEEEING.
  7358 | D:8      | 7358 ||| FLEEEEING.
  7359 | D:8      | 7359 ||| FLEEEEING.
  7373 | D:8      | Reached ** piety under Okawaru
  7374 | D:8      | Reached XP level 10. HP: 33/72 MP: 0/0
  7623 | D:8      | 7623 ||| SWAPPING to +0 orcbow.
  7624 | D:8      | 7624 ||| DROPPING +2 shortbow.
  7755 | D:8      | Found a burning altar of Makhleb.
  7961 | D:8      | 7961 ||| READING scroll of identify.
  7961 | D:8      | 7961 ||| IDENTIFYING brown potion
  7962 | D:8      | 7962 ||| READING scroll labelled KODAUX KOEZXU.
  8063 | D:8      | 8063 ||| DROPPING potion of attraction.
  8097 | D:9      | Found a white marble altar of Elyvilon.
  8154 | D:9      | 8154 ||| RETREEEEATING.
  8161 | D:9      | 8161 ||| RETREEEEATING.
  8168 | D:9      | 8168 ||| RETREEEEATING.
  8169 | D:9      | 8169 ||| RETREEEEATING.
  8170 | D:9      | 8170 ||| RETREEEEATING.
  8182 | D:9      | Reached skill level 9 in Ranged Weapons
  8490 | D:9      | 8490 ||| RETREEEEATING.
  8495 | D:9      | 8495 ||| RETREEEEATING.
  8501 | D:9      | 8501 ||| RETREEEEATING.
  8508 | D:9      | Reached *** piety under Okawaru
  8509 | D:9      | Reached skill level 3 in Armour
  8798 | D:9      | 8798 ||| RETREEEEATING.
  8800 | D:9      | 8800 ||| RETREEEEATING.
  8806 | D:9      | 8806 ||| RETREEEEATING.
  8807 | D:9      | 8807 ||| RETREEEEATING.
  8808 | D:9      | 8808 ||| RETREEEEATING.
  8818 | D:9      | Reached **** piety under Okawaru
  8832 | D:9      | Reached skill level 10 in Ranged Weapons
  8834 | D:9      | Reached XP level 11. HP: 66/79 MP: 0/0
  8834 | D:9      | Learned a level 4 spell: Vhi's Electric Charge
  8839 | D:9      | 8839 ||| FLEEEEING.
  8840 | D:9      | 8840 ||| FLEEEEING.
  8842 | D:9      | 8842 ||| FLEEEEING.
  8843 | D:9      | 8843 ||| FLEEEEING.
  8844 | D:9      | 8844 ||| FLEEEEING.
  8845 | D:9      | 8845 ||| FLEEEEING.
  8846 | D:9      | 8846 ||| FLEEEEING.
  8847 | D:9      | 8847 ||| FLEEEEING.
  8848 | D:9      | 8848 ||| FLEEEEING.
  9112 | D:9      | Found a glowing golden altar of the Shining One.
  9336 | D:9      | 9336 ||| READING scroll labelled WIOBRY OMPEC.
  9463 | D:10     | Entered Level 10 of the Dungeon
  9680 | D:10     | Reached ***** piety under Okawaru
  9681 | D:10     | Reached skill level 6 in Invocations
  9686 | D:10     | 9686 ||| RETREEEEATING.
  9687 | D:10     | 9687 ||| RETREEEEATING.
  9688 | D:10     | 9688 ||| RETREEEEATING.
 10132 | D:10     | 10132 ||| FLEEEEING.
 10185 | D:10     | 10185 ||| INVOKING Finesse.
 10186 | D:10     | 10186 ||| INVOKING Finesse.
 10187 | D:10     | 10187 ||| INVOKING Heroism.
 10388 | D:10     | Noticed a two-headed ogre
 10389 | D:10     | 10389 ||| INVOKING Finesse.
 10395 | D:10     | Killed a two-headed ogre
 10436 | D:10     | Found a staircase to the Lair.
 10474 | D:10     | Identified the +2 long sword of Difren {spect, rF++ rC+++
                  | Will- rCorr}
 10536 | D:10     | Noticed a two-headed ogre
 10537 | D:10     | 10537 ||| INVOKING Finesse.
 10541 | D:10     | Killed a two-headed ogre
 10818 | D:10     | 10818 ||| PLANNING LAIR
 10818 | D:10     | 10818 ||| UPGRADING to +2 pair of gloves.
 10823 | D:10     | 10823 ||| READING scroll of identify.
 10823 | D:10     | 10823 ||| IDENTIFYING glowing white potion
 10824 | D:10     | 10824 ||| DRINKING 2 fizzy golden potions.
 10887 | Lair:1   | Entered Level 1 of the Lair of Beasts
 10890 | Lair:1   | 10890 ||| STAIRDANCE
 10911 | Lair:1   | 10911 ||| STAIRDANCE
 10913 | D:10     | 10913 ||| RETREEEEATING.
 10914 | D:10     | 10914 ||| RETREEEEATING.
 10915 | D:10     | 10915 ||| RETREEEEATING.
 10916 | D:10     | 10916 ||| RETREEEEATING.
 10918 | D:10     | 10918 ||| RETREEEEATING.
 10919 | D:10     | 10919 ||| RETREEEEATING.
 10922 | D:10     | 10922 ||| RETREEEEATING.
 10974 | Lair:1   | 10974 ||| STAIRDANCE
 11005 | Lair:1   | 11005 ||| STAIRDANCE
 11016 | D:10     | HP: 16/81 [blink frog (14)]
 11017 | D:10     | 11017 ||| READING 4 scrolls of teleportation.
 11018 | D:10     | 11018 ||| DRINKING potion of heal wounds.
 11188 | Lair:1   | 11188 ||| STAIRDANCE
 11200 | D:10     | HP: 9/81 [komodo dragon (19)]
 11201 | D:10     | 11201 ||| READING 3 scrolls of teleportation.
 11454 | Lair:1   | 11454 ||| STAIRDANCE
 11466 | D:10     | 11466 ||| RETREEEEATING.
 11467 | D:10     | 11467 ||| RETREEEEATING.
 11468 | D:10     | 11468 ||| RETREEEEATING.
 11469 | D:10     | 11469 ||| RETREEEEATING.
 11472 | D:10     | 11472 ||| RETREEEEATING.
 11474 | D:10     | 11474 ||| RETREEEEATING.
 11476 | D:10     | 11476 ||| RETREEEEATING.
 11477 | D:10     | 11477 ||| RETREEEEATING.
 11483 | D:10     | 11483 ||| RETREEEEATING.
 11484 | D:10     | 11484 ||| RETREEEEATING.
 11485 | D:10     | 11485 ||| RETREEEEATING.
 11486 | D:10     | 11486 ||| RETREEEEATING.
 11487 | D:10     | 11487 ||| RETREEEEATING.
 11489 | D:10     | 11489 ||| RETREEEEATING.
 11490 | D:10     | 11490 ||| RETREEEEATING.
 11491 | D:10     | 11491 ||| RETREEEEATING.
 11492 | D:10     | 11492 ||| RETREEEEATING.
 11493 | D:10     | 11493 ||| RETREEEEATING.
 11494 | D:10     | 11494 ||| RETREEEEATING.
 11495 | D:10     | 11495 ||| RETREEEEATING.
 11496 | D:10     | 11496 ||| RETREEEEATING.
 11502 | D:10     | 11502 ||| INVOKING Finesse.
 11512 | D:10     | Reached XP level 12. HP: 32/86 MP: 0/0
 11515 | D:10     | 11515 ||| FLEEEEING.
 11516 | D:10     | 11516 ||| FLEEEEING.
 11710 | Lair:1   | 11710 ||| FLEEEEING.
 11711 | Lair:1   | 11711 ||| STAIRDANCE
 11778 | Lair:1   | Received a gift from Okawaru
 11953 | Lair:1   | 11953 ||| RETREEEEATING.
 11957 | Lair:1   | 11957 ||| RETREEEEATING.
 11958 | Lair:1   | 11958 ||| RETREEEEATING.
 11959 | Lair:1   | 11959 ||| RETREEEEATING.
 11961 | Lair:1   | 11961 ||| RETREEEEATING.
 11962 | Lair:1   | 11962 ||| RETREEEEATING.
 11963 | Lair:1   | 11963 ||| RETREEEEATING.
 11964 | Lair:1   | 11964 ||| RETREEEEATING.
 11981 | Lair:1   | Reached skill level 9 in Invocations
 12120 | Lair:1   | Reached skill level 11 in Ranged Weapons
 12449 | Lair:1   | 12449 ||| UPGRADING to +0 helmet.
 12690 | Lair:2   | Reached skill level 9 in Dodging
 12885 | Lair:2   | Noticed a boulder beetle
 12886 | Lair:2   | 12886 ||| RETREEEEATING.
 12887 | Lair:2   | 12887 ||| RETREEEEATING.
 12888 | Lair:2   | 12888 ||| RETREEEEATING.
 12889 | Lair:2   | 12889 ||| RETREEEEATING.
 12890 | Lair:2   | 12890 ||| RETREEEEATING.
 12891 | Lair:2   | 12891 ||| RETREEEEATING.
 12892 | Lair:2   | 12892 ||| RETREEEEATING.
 12893 | Lair:2   | 12893 ||| RETREEEEATING.
 12894 | Lair:2   | 12894 ||| RETREEEEATING.
 12895 | Lair:2   | 12895 ||| RETREEEEATING.
 12897 | Lair:2   | 12897 ||| INVOKING Finesse.
 12904 | Lair:2   | Noticed a five-headed hydra
 12907 | Lair:2   | 12907 ||| INVOKING Heroism.
 12921 | Lair:2   | Killed a boulder beetle
 12922 | Lair:2   | Reached skill level 9 in Fighting
 12936 | Lair:2   | Killed a five-headed hydra
 12953 | Lair:2   | Received a gift from Okawaru
 12962 | Lair:2   | Reached XP level 13. HP: 63/94 MP: 0/0
 12962 | Lair:2   | Learned a level 5 spell: Fireball
 12970 | Lair:2   | 12970 ||| INVOKING Finesse.
 12996 | Lair:2   | 12996 ||| INVOKING Heroism.
 13048 | Lair:2   | Reached skill level 12 in Ranged Weapons
 13557 | Lair:2   | 13557 ||| READING scroll labelled BEUDOU HEIFO.
 13579 | Lair:3   | Found a staircase to the Snake Pit.
 13612 | Lair:3   | 13612 ||| FLEEEEING.
 13614 | Lair:3   | 13614 ||| FLEEEEING.
 13681 | Lair:3   | Found a staircase to the Shoals.
 13797 | Lair:3   | 13797 ||| RETREEEEATING.
 13798 | Lair:3   | 13798 ||| RETREEEEATING.
 13799 | Lair:3   | 13799 ||| RETREEEEATING.
 13801 | Lair:3   | 13801 ||| RETREEEEATING.
 13802 | Lair:3   | 13802 ||| RETREEEEATING.
 14064 | Lair:3   | 14064 ||| INVOKING Finesse.
 14127 | Lair:3   | 14127 ||| INVOKING Finesse.
 14184 | Lair:3   | Noticed a four-headed hydra
 14185 | Lair:3   | 14185 ||| INVOKING Finesse.
 14192 | Lair:3   | Killed a four-headed hydra
 14512 | Lair:3   | Found a runed translucent door.
 14514 | Lair:3   | Noticed qw's ghost (journeyman GrHu)
 14514 | Lair:3   | Noticed an anaconda
 14704 | Lair:3   | 14704 ||| READING scroll labelled RIUWIOGRYR.
 14705 | Lair:3   | 14705 ||| DRINKING 2 cyan potions.
 14706 | Lair:3   | 14706 ||| DROPPING potion of degeneration.
 14724 | Lair:4   | 14724 ||| RETREEEEATING.
 14725 | Lair:4   | 14725 ||| RETREEEEATING.
 14726 | Lair:4   | 14726 ||| RETREEEEATING.
 14727 | Lair:4   | 14727 ||| RETREEEEATING.
 14728 | Lair:4   | 14728 ||| RETREEEEATING.
 14756 | Lair:4   | Noticed a catoblepas
 14757 | Lair:4   | HP: 22/96 [death yak (13)]
 14757 | Lair:4   | HP: 4/96 [death yak (18)]
 14758 | Lair:4   | 14758 ||| READING 2 scrolls of teleportation.
 15006 | Lair:4   | 15006 ||| INVOKING Finesse.
 15013 | Lair:4   | 15013 ||| Stepping ~*~*~tactically~*~*~ (cloud).
 15026 | Lair:4   | HP: 17/96 [catoblepas (10)]
 15027 | Lair:4   | 15027 ||| READING scroll of teleportation.
 15029 | Lair:4   | HP: 4/96 [catoblepas (14)]
 15032 | Lair:4   | Killed a catoblepas
 15032 | Lair:4   | Received a gift from Okawaru
 15035 | Lair:4   | 15035 ||| RETREEEEATING.
 15036 | Lair:4   | 15036 ||| RETREEEEATING.
 15037 | Lair:4   | 15037 ||| RETREEEEATING.
 15038 | Lair:4   | 15038 ||| RETREEEEATING.
 15038 | Lair:4   | Slain by a yak

Levels and vault maps discovered:
D:1:      minmay_arrival_stair_chambers, layout_basic, minmay_lizard_king
D:2:      layout_rooms, basic_altar
D:3:      layout_loops_corners, nicolae_wu_jian_wuxing_cycle,
          gammafunk_ghost_abyssal_escape, uniq_ijyb
D:4:      layout_rooms, zin_angel, minmay_temple_entry_slanted,
          serial_corexii_hall, chequers_hall_statues_y,
          chequers_hall_statues_wall_a, serial_shops, shop, uniq_duvessa
D:5:      layout_basic, mainiacjoe_overflow_small_starburst, marbit_many_paths,
          lightli_ossuary_entry_decrepit_ruins, minivault_24
D:6:      layout_cave_pools, mainiacjoe_overflow_boulevard,
          mainiacjoe_overflow_concentric_impassable, jmf_multi_god_temple2,
          corexii_checkpoint
D:7:      layout_layer_cave, lemuel_tele_altar
D:8:      layout_basic, mainiacjoe_overflow_cross_hatched,
          nicolae_qazlal_general_emergency, lemuel_round_altar, enter_bailey_5,
          st_stairs_12
D:9:      layout_long_grid, vehumet_crystals, elyvilon_altar_5,
          nicolae_tso_carved_into_rock
D:10:     layout_stronghold, hellmonk_lair_entry_icy
Temple:   hellmonk_temple_beads
Lair:1:   layout_hall_layers, serial_bayou_crossing
Lair:2:   layout_big_grid, grunt_megastairs_4, serial_bayou_shore_a
Lair:3:   layout_chaotic_city, shoals_dummy_entry,
          nicolae_snake_entry_warm_welcome, ebering_ghost_inner_flame
Lair:4:   layout_loops_ring, minivault_25

Skill      XL: |  1  2  3  4  5  6  7  8  9 10 11 12 13 |
---------------+----------------------------------------+-----
Ranged Weapons | 4 5 6 7 8 10 11 12 | 12.7
Fighting       | 3 4 5 6 7 8 9 10 | 10.0
Dodging        | 3 4 6 7 8 9 10 | 10.1
Armour         | 1 2 3 5 |  5.0
Invocations    | 3 4 8 10 | 10.0
Stealth        | |  0.7

Action                     |  1- 3 |  4- 6 |  7- 9 | 10-12 | 13-15 || total
---------------------------+-------+-------+-------+-------+-------++-------
   Fire: Shortbow          |   127 |   171 |   507 |       |       ||   805
         Orcbow            |       |       |       |   794 |   386 ||  1180
 Invoke: Finesse           |       |       |       |     5 |     5 ||    10
         Heroism           |       |       |       |     2 |     1 ||     3
  Evoke: Wand              |       |     4 |       |       |       ||     4
    Use: Scroll            |     3 |     2 |    12 |     6 |     4 ||    27
         Potion            |       |     5 |     1 |     2 |     1 ||     9
 Armour: Leather armour    |    41 |     4 |       |       |       ||    45
         Ring mail         |       |    68 |   184 |   256 |   111 ||   619
  Dodge: Dodged            |    69 |   103 |   350 |   637 |   314 ||  1473

Table legend:
 A = Non-vault XP
 B = Vault XP
 C = Vault XP percentage of total XP
 D = Non-vault monster count
 E = Vault monster count
 F = Vault count percentage of total count
                 A         B        C        D         E       F
            +---------+---------+-------+---------+---------+-------
      Total |   36634 |    4023 |   9.9 |     289 |      61 |  17.4
            +---------+---------+-------+---------+---------+-------
        D:1 |      41 |      13 |  24.1 |      24 |      13 |  35.1
        D:2 |      89 |       0 |   0.0 |      23 |       0 |   0.0
        D:3 |      39 |      36 |  48.0 |      15 |       1 |   6.2
        D:4 |     306 |     213 |  41.0 |      14 |       2 |  12.5
        D:5 |     339 |      85 |  20.0 |       7 |       1 |  12.5
        D:6 |     670 |     114 |  14.5 |      19 |       4 |  17.4
        D:7 |     877 |       0 |   0.0 |      14 |       0 |   0.0
        D:8 |     981 |      11 |   1.1 |      19 |       5 |  20.8
        D:9 |    4729 |       0 |   0.0 |      34 |       0 |   0.0
       D:10 |    5615 |    1436 |  20.4 |      28 |       8 |  22.2
     Lair:1 |    4805 |       0 |   0.0 |      22 |       0 |   0.0
     Lair:2 |   10145 |    1213 |  10.7 |      41 |       6 |  12.8
     Lair:3 |    6249 |     751 |  10.7 |      26 |       5 |  16.1
     Lair:4 |    1749 |       0 |   0.0 |       3 |       0 |   0.0
    Ossuary |       0 |     151 | 100.0 |       0 |      16 | 100.0
            +---------+---------+-------+---------+---------+-------
